 Dungeon Crawl Stone Soup version 0.20.0-15-g7f486f2 (webtiles) character file.

685 JeffiDaFish the Shield-Bearer (level 7, -13/44 HPs)
             Began as a Gargoyle Fighter on June 15, 2017.
             Mangled by Edmund
             ... wielding a +1 flail of distortion
              (20 damage)
             ... on level 4 of the Dungeon.
             The game lasted 00:09:44 (2273 turns).

JeffiDaFish the Shield-Bearer (Gargoyle Fighter)    Turns: 2273, Time: 00:09:45

Health: -13/44     AC: 14    Str: 20    XL:     7   Next: 62%
Magic:  7/7        EV:  8    Int:  8    God:
Gold:   178        SH: 10    Dex: 11    Spells: 6/6 levels left

rFire    + . .     SeeInvis .   a - +1 flail
rCold    + . .     Gourm    .   c - +0 shield
rNeg     + . .     Faith    .   b - +0 scale mail
rPois    ∞         Spirit   .   r - +1 helmet
rElec    +         Reflect  .   i - scarf {rC+ rF+}
rCorr    .         Harm     .   (no gloves)
MR       .....                  (no boots)
Stlth    ..........             (no amulet)
Regen    0.2/turn               (no ring)
MPRegen  0.1/turn               (no ring)

@: very slightly contaminated, invisible
A: negative energy resistance 1, electricity resistance, unbreathing,
petrification resistance, rot immunity, AC +4
a: no special abilities


You were on level 4 of the Dungeon.
You were not hungry.

You visited 1 branch of the dungeon, and saw 4 of its levels.

You collected 178 gold pieces.

Inventory:

Hand Weapons
 a - a +1 flail (weapon)
 s - a +0 whip of flaming
Armour
 b - a +0 scale mail (worn)
 c - a +0 shield (worn)
 i - a scarf of resistance (worn)
 k - a +0 helmet
 r - a +1 helmet (worn)
Jewellery
 j - an uncursed ring of magical power {unknown}
Scrolls
 h - 2 scrolls of identify
 m - 2 scrolls of remove curse
 o - a scroll of amnesia
Potions
 d - a potion of might
 e - 2 potions of resistance
Comestibles
 f - 3 bread rations
 g - 2 chunks of flesh
 l - a meat ration
 n - 3 fruits
 p - a royal jelly


   Skills:
 + Level 4.4 Fighting
 + Level 5.2 Maces & Flails
 + Level 5.2 Armour
 + Level 1.3 Dodging
 + Level 5.3 Shields


You had 6 spell levels left.
You didn't know any spells.

Dungeon Overview and Level Annotations

Branches:
Dungeon (4/15)
 Temple: D:4-7

Altars:
Cheibriados
Dithmenos
Vehumet

Annotations:
D:4 Edmund


Innate Abilities, Weirdness & Mutations

You are resistant to torment.
Your stone body is resilient. (AC +4)
You are immune to poison.
You resist negative energy. (rN+)
You are resistant to electric shocks. (rElec)
You can survive without breathing.
You are immune to petrification.
You are immune to rotting.


Message History

Edmund is lightly wounded.
Edmund hits you but does no damage. Space bends around you.
You hit Edmund but do no damage.
Edmund is lightly wounded.
Edmund hits you but does no damage. Space warps horribly around you!
* * * LOW HITPOINT WARNING * * *
You barely miss Edmund.
Edmund is lightly wounded.
Edmund barely misses you.
You closely miss Edmund.
Edmund is lightly wounded.
Edmund closely misses you.
You fade into invisibility!
Edmund closely misses you.
You are very lightly contaminated with residual magic.
You see here an orc corpse.
You hit Edmund but do no damage.
Edmund is lightly wounded.
Edmund hits you but does no damage. Space warps horribly around you!
You die...

#.........#### .#
######<####.##.## ..
#......# #.##..### .#
#.....## #.###...#..#
#...(.### #.# #..<..#
#.......###.##..###.#
#.....#..##.#..## .#
#.......##.##...# ..
#.......##.##@####### .#
#.......##..<@...[..## ..
#.......####†[#####..####
# #######..##...# #.....#
##....#.# ###...#
###_.#..# ######..
#..##.# 8... #>.# .. ...
##r# #.# ..


You could see Edmund.

Vanquished Creatures
  Pikel (D:4)
  A phantom (D:3)
  A worker ant (D:4)
  Robin (D:2)
  2 adders (D:2)
  2 oozes (D:1)
  A worm (D:3)
  4 dart slugs
  3 leopard geckos
  9 orcs
  3 giant cockroaches
  15 goblins
  13 hobgoblins
  5 jackals
  6 kobolds
  2 quokkas
  8 bats
  3 frilled lizards
  7 rats
87 creatures vanquished.

Vanquished Creatures (others)
  Sigmund (D:4)
  2 slaves (D:4)
  A worker ant (D:4)
  An adder (D:4)
  2 orcs (D:4)
7 creatures vanquished.

Grand Total: 94 creatures vanquished

Notes
Turn   | Place    | Note
-------+----------+-------------------------------------------
     0 | D:1      | JeffiDaFish the Gargoyle Fighter began the quest for the Orb.
     0 | D:1      | Reached XP level 1. HP: 14/14 MP: 1/1
   226 | D:1      | Reached XP level 2. HP: 15/19 MP: 2/2
   483 | D:1      | Reached XP level 3. HP: 23/23 MP: 3/3
   762 | D:2      | Found a faded altar of an unknown god.
   903 | D:2      | Found a shadowy altar of Dithmenos.
   912 | D:2      | Noticed Robin
   933 | D:2      | Reached XP level 4. HP: 22/29 MP: 4/4
   952 | D:2      | Killed Robin
  1576 | D:3      | Reached XP level 5. HP: 33/33 MP: 5/5
  1751 | D:3      | Noticed a phantom
  1784 | D:3      | Killed a phantom
  1784 | D:3      | Reached XP level 6. HP: 22/38 MP: 6/6
  2168 | D:4      | Found a radiant altar of Vehumet.
  2189 | D:4      | Found a snail-covered altar of Cheibriados.
  2201 | D:4      | Noticed Sigmund
  2202 | D:4      | Noticed a slave
  2203 | D:4      | Noticed a slave
  2205 | D:4      | Noticed Pikel
  2206 | D:4      | Noticed a slave
  2209 | D:4      | Noticed Edmund
  2250 | D:4      | Noticed a slave
  2252 | D:4      | Killed Pikel
  2252 | D:4      | Reached skill level 5 in Maces & Flails
  2252 | D:4      | Reached skill level 5 in Armour
  2252 | D:4      | Reached skill level 1 in Dodging
  2252 | D:4      | Reached skill level 5 in Shields
  2252 | D:4      | Reached XP level 7. HP: 28/44 MP: 7/7
  2262 | D:4      | Killed Sigmund
  2273 | D:4      | Mangled by Edmund

Skill      XL: |  1  2  3  4  5  6 |
---------------+-------------------+-----
Shields        | 4 5 |  5.3
Maces & Flails | 3 4 5 |  5.2
Fighting       | 4 |  4.4
Armour         | 4 5 |  5.2
Dodging        | 1 |  1.3

Action                   |  1- 3 |  4- 6 |  7- 9 || total
-------------------------+-------+-------+-------++-------
Melee: Flail             |   110 |   206 |    10 ||   326
  Use: Scroll            |     4 |     3 |       ||     7
       Potion            |     2 |     4 |     1 ||     7
  Eat: Chunk             |       |     5 |       ||     5
Armor: Scale mail        |    59 |    87 |     3 ||   149
Dodge: Dodged            |    38 |    56 |     6 ||   100
Block: Shield            |    63 |   121 |     4 ||   188
